 Dungeon Crawl Stone Soup version 0.21.1-1-g345015fe64 (webtiles) character file.

6372 Gargoyl the Schismatic (level 10, -9/84 HPs)
             Began as a Centaur Abyssal Knight on July 23, 2018.
             Was an Elder of Lugonu.
             Killed from afar by a deep elf knight (51 damage)
             ... with a shard of ice
             ... on level 9 of the Dungeon.
             The game lasted 00:25:27 (13550 turns).

Gargoyl the Schismatic (Centaur Abyssal Knight)    Turns: 13550, Time: 00:25:27

Health: -9/84      AC: 12    Str: 16    XL:     10   Next: 65%
Magic:  15/15      EV: 10    Int: 11    God:    Lugonu [****..]
Gold:   323        SH:  0    Dex: 11    Spells: 9/9 levels left

rFire    + + .     SeeInvis .   s - +2 scythe (protect)
rCold    . . .     Gourm    .   (shield currently unavailable)
rNeg     . . .     Faith    .   w - +2 leather armour "Wysoasie" {*Contam rElec rPois rF++}
rPois    +         Spirit   .   i - +1 helmet
rElec    +         Reflect  .   (no cloak)
rCorr    +         Harm     .   n - +1 pair of gloves
MR       .....                  (no barding)
Stlth    +.........             (no amulet)
HPRegen  0.24/turn              j - ring of resist corrosion
MPRegen  0.14/turn              (no ring)

@: very quick
A: large, hooves 3, deformed body, speed 2, tough skin 3
a: Depart the Abyss, Bend Space, Banish, Corrupt, Renounce Religion


You were on level 9 of the Dungeon.
You worshipped Lugonu.
Lugonu was greatly pleased with you.
You were hungry.

You visited 1 branch of the dungeon, and saw 9 of its levels.
You visited the Abyss 1 time.

You collected 543 gold pieces.
You spent 220 gold pieces at shops.

Inventory:

Hand Weapons
 a - a +2 hand axe
 s - a +2 scythe of protection (weapon)
Missiles
 h - 15 tomahawks
 r - 4 javelins (quivered)
Armour
 i - a +1 helmet (worn)
 n - a +1 pair of gloves (worn)
 w - the +2 leather armour "Wysoasie" (worn) {*Contam rElec rPois rF++}
   (You found it on level 8 of the Dungeon)

   It greatly protects you from fire.
   It insulates you from electricity.
   It protects you from poison.
   It causes magical contamination when unequipped.
Jewellery
 j - a ring of resist corrosion (left hand)
Wands
 d - a wand of iceblast (1)
 f - a wand of acid (2)
 g - a wand of digging (32)
Scrolls
 k - 10 scrolls of identify
 l - 3 scrolls of remove curse
 m - a scroll of amnesia
 x - 3 scrolls of fear
Potions
 b - 3 potions of brilliance
 e - 2 potions of magic
 o - a potion of heal wounds
 p - a potion of flight
 q - a potion of curing
 u - a potion of haste
Books
 t - a book of Debilitation

   Spells                             Type                      Level
   a - Corona                         Hexes                        1
   b - Slow                           Hexes                        2
   c - Inner Flame                    Hexes/Fire                   3
   d - Portal Projectile              Hexes/Translocation          3
   e - Cause Fear                     Hexes                        4
   f - Leda's Liquefaction            Hexes/Earth                  4
 v - a book of Misfortune

   Spells                             Type                      Level
   a - Confusing Touch                Hexes                        1
   b - Confuse                        Hexes                        3
   c - Gell's Gravitas                Translocation                3
   d - Petrify                        Transmutation/Earth          4
   e - Metabolic Englaciation         Hexes/Ice                    5
   f - Yara's Violent Unravelling     Hexes/Transmutation          5
Comestibles
 c - 8 rations


   Skills:
 + Level 6.5 Fighting
 + Level 5.4(6.5) Axes
 + Level 5.6(6.7) Polearms
 + Level 1.5 Throwing
 * Level 7.4 Armour
 + Level 3.4 Dodging
 * Level 7.4 Invocations
 + Level 0.3 Evocations


You had 9 spell levels left.
You didn't know any spells.

Dungeon Overview and Level Annotations

Branches:
Dungeon (9/15)             Temple (0/1) D:6            Lair (0/6) D:9
    Orc (0/2) D:9

Altars:
Ashenzari
Elyvilon
Fedhas
Qazlal
Uskayaw
The Shining One

Shops:
D:5 *:([(

Annotations:
D:7 Prince Ribbit
D:9 4 transporters


Innate Abilities, Weirdness & Mutations

You have hooves in place of feet.
Armour fits poorly on your strangely shaped body.
You cover ground very quickly.
You have extremely tough skin. (AC +3)


Message History

The orc wizard casts a spell.
The orc wizard seems to speed up.
Unknown command.
The bullfrog hits you but does no damage.
There is a transporter here.
You enter the transporter and appear at another place.
The sky beast hits you but does no damage.
The bullfrog barely misses you.
The deep elf knight hits you but does no damage.
Found a ration.
Unknown command.
Aiming: Dig
Press: ? - help, Shift-Dir - straight line
Okay, then.
Unknown command.
The bullfrog hits you but does no damage.
The deep elf knight casts a spell at you.
The shard of ice hits you!
Ouch! That really hurt!
You die...

#....#.J.#....###.....#.
#...##...##...###......P
#©.........©###.....>P.
#..a..©.....# ##......P
##©.........©####.....P.
....##..a##....##.....PP
.....#.a.#.....##.....P.
.©..oOYFeW.....##.......
#%....©@Y.....###.......
##...#####...####...##.P
#### ## ######........
##© ###....÷.... ..
####......##### #.
#....####...### ####
#.##.#### ###..##
.....#....# ##...
#....### ####


You could see a two-headed ogre, a deep elf knight, a hungry ghost, an ice
beast, a sky beast, a bullfrog, 3 worker ants and an orc.

Vanquished Creatures
  A two-headed ogre (D:9)
  A gargoyle (D:9)
  A hippogriff (D:8)
  Sigmund (D:5)
  A wyvern (D:7)
  A hungry ghost (D:7)
  Menkaure (D:4)
  Edmund (D:4)
  The ghost of nocturnal the Cutter, an amateur HaWr of Nemelex Xobeh (D:3)
  A porcupine (D:9)
  A necrophage (D:9)
  An ice beast (D:7)
  2 black bears
  6 ogres
  A sky beast (D:7)
  A phantom (D:4)
  2 centaurs
  A crocodile (D:9)
  A big kobold (D:7)
  2 bullfrogs
  A gnoll sergeant (D:9)
  A water moccasin zombie (D:6)
  2 scorpions (D:5)
  A water moccasin skeleton (D:6)
  4 killer bees (D:8)
  4 wights (D:7)
  3 howler monkeys
  3 crimson imps
  4 centaur zombies
  2 bullfrog zombies (D:6)
  A quasit (Abyss:2)
  3 hounds
  2 jellies
  4 orc priests
  4 orc wizards
  2 bullfrog skeletons
  Ijyb (D:4)
  An iguana (D:9)
  5 worker ants
  Natasha (twice) (D:4 D:5)
  A hound skeleton (D:6)
  A worker ant zombie (D:6)
  5 adders
  4 gnolls (D:9)
  An adder zombie (D:6)
  An adder skeleton (D:6)
  2 worms
  5 dart slugs
  6 leopard geckos
  40 orcs
  2 ball pythons
  4 giant cockroaches
  11 goblins
  5 hobgoblins
  22 jackals
  A quokka (D:7)
  13 bats
  5 frilled lizards
  A jackal skeleton (D:4)
  2 jackal zombies
  8 kobolds
  A leopard gecko skeleton (D:6)
  A leopard gecko zombie (D:6)
  A quokka skeleton (D:4)
  4 rats
225 creatures vanquished.

Vanquished Creatures (others)
  A two-headed ogre (D:8)
  The ghost of Ablot the Fighter, an amateur GnWn of Cheibriados (D:4)
  A troll (D:9)
  The ghost of Sapher the Grave Robber, an amateur GnNe (D:6)
  A hungry ghost (D:7)
  An orc warrior (D:6)
  2 fungi (D:9)
  A plant (D:9)
9 creatures vanquished.

Grand Total: 234 creatures vanquished

Notes
Turn   | Place    | Note
-------+----------+-------------------------------------------
     0 | Abyss:1  | Gargoyl the Centaur Abyssal Knight began the quest for the Orb.
     0 | Abyss:1  | Reached XP level 1. HP: 19/19 MP: 2/2
    24 | Abyss:1  | Noticed a raiju
    49 | Abyss:1  | Noticed a raiju
   115 | Abyss:2  | Noticed a quasit
   117 | Abyss:2  | Killed a quasit
   117 | Abyss:2  | Reached XP level 2. HP: 18/27 MP: 3/3
   117 | Abyss:2  | Reached XP level 3. HP: 22/33 MP: 4/4
   120 | Abyss:2  | Noticed a large abomination
   127 | Abyss:2  | Noticed a small abomination
   129 | Abyss:2  | Noticed a large abomination
   130 | Abyss:2  | HP: 1/33 [small abomination (15)]
   137 | D:1      | Escaped the Abyss
   794 | D:1      | Reached * piety under Lugonu
  1157 | D:1      | Reached XP level 4. HP: 38/40 MP: 5/5
  1701 | D:2      | Reached skill level 1 in Dodging
  1825 | D:2      | Reached ** piety under Lugonu
  2228 | D:3      | Noticed nocturnal's ghost (amateur HaWr)
  2241 | D:2      | Reached XP level 5. HP: 14/46 MP: 7/7
  2943 | D:3      | Killed nocturnal's ghost
  2943 | D:3      | Reached XP level 6. HP: 53/53 MP: 8/8
  3157 | D:3      | Reached *** piety under Lugonu
  3412 | D:3      | Found a white marble altar of Elyvilon.
  3690 | D:4      | Noticed Edmund
  3719 | D:4      | Killed Edmund
  3719 | D:4      | Reached XP level 7. HP: 9/60 MP: 9/9
  4193 | D:4      | Noticed Ijyb
  4204 | D:4      | Killed Ijyb
  4287 | D:4      | Noticed Natasha
  4294 | D:4      | Killed Natasha
  4490 | D:4      | Noticed Ablot's ghost (amateur GnWn)
  4512 | D:4      | Banished Ablot's ghost
  4761 | D:4      | Noticed Menkaure
  4770 | D:4      | Killed Menkaure
  4770 | D:4      | Reached skill level 5 in Fighting
  4770 | D:4      | Reached XP level 8. HP: 38/68 MP: 11/11
  5344 | D:5      | Entered Level 5 of the Dungeon
  5346 | D:5      | Found Rinutah's General Store.
  5355 | D:5      | Bought a potion of curing for 39 gold pieces
  5866 | D:5      | Found Mugaso's Armour Boutique.
  5869 | D:5      | Bought a +1 chain mail of fire resistance for 181 gold pieces
  5888 | D:5      | Found Cihui's Weapon Boutique.
  5932 | D:5      | Found Weineiga's Weapon Emporium.
  6020 | D:5      | Noticed Sigmund
  6048 | D:5      | Killed Sigmund
  6048 | D:5      | Reached skill level 5 in Axes
  6210 | D:5      | Found a white marble altar of Elyvilon.
  6219 | D:5      | Found Caelefag's Book Shoppe.
  6335 | D:5      | Reached skill level 5 in Armour
  6335 | D:5      | Reached skill level 5 in Invocations
  6742 | D:5      | Noticed Natasha
  6746 | D:5      | Killed Natasha
  6920 | D:6      | Reached **** piety under Lugonu
  6920 | D:6      | Reached skill level 1 in Polearms
  6920 | D:6      | Reached skill level 1 in Throwing
  7213 | D:6      | HP: 2/69 [orc warrior/trident (16)]
  7214 | D:6      | Reached XP level 9. HP: 2/74 MP: 13/13
  7639 | D:6      | Found a hide-covered altar of Uskayaw.
  7640 | D:6      | Found a glowing golden altar of the Shining One.
  7698 | D:6      | Found a staircase to the Ecumenical Temple.
  7942 | D:6      | Found a shattered altar of Ashenzari.
  8430 | D:6      | Noticed Sapher's ghost (amateur GnNe)
  8435 | D:6      | Banished Sapher's ghost
  8966 | D:7      | Found a blossoming altar of Fedhas.
  9866 | D:8      | Noticed Prince Ribbit
 10553 | D:7      | HP: 3/75 [wyvern (10)]
 10885 | D:8      | Noticed a two-headed ogre
 10892 | D:8      | Banished a two-headed ogre
 10892 | D:8      | Reached XP level 10. HP: 41/83 MP: 14/14
 11134 | D:8      | Got a dazzling leather armour
 11214 | D:8      | Identified the +2 leather armour "Wysoasie" {*Contam rElec rPois rF++} (You found it on level 8 of the Dungeon)
 11772 | D:9      | Got a jewelled scale mail
 11786 | D:8      | Identified the +1 scale mail of Ifaig {rN+ Int+3} (You found it on level 9 of the Dungeon)
 11808 | D:9      | Found a stormy altar of Qazlal.
 11808 | D:9      | Found a staircase to the Orcish Mines.
 11865 | D:9      | Noticed a gargoyle
 12104 | D:9      | Killed a gargoyle
 12629 | D:9      | Reached skill level 5 in Polearms
 12908 | D:9      | Found a staircase to the Lair.
 12946 | D:9      | Noticed a two-headed ogre
 12974 | D:9      | Killed a two-headed ogre
 13499 | D:9      | Found a transporter.
 13506 | D:9      | Found a transporter.
 13506 | D:9      | Found a transporter.
 13506 | D:9      | Found a transporter.
 13506 | D:9      | Found a transporter.
 13543 | D:9      | Noticed a two-headed ogre
 13544 | D:9      | Found a transporter.
 13546 | D:9      | Noticed a deep elf knight
 13546 | D:9      | Noticed a two-headed ogre
 13550 | D:9      | Killed from afar by a deep elf knight

Skill      XL: |  1  2  3  4  5  6  7  8  9 10 |
---------------+-------------------------------+-----
Axes           | 2 3 4 5 |  5.4
Fighting       | 4 5 6 |  6.5
Dodging        | 1 2 3 |  3.4
Armour         | 2 3 4 5 6 7 |  7.4
Invocations    | 3 4 5 6 7 |  7.4
Polearms       | 1 4 5 |  5.6
Throwing       | 1 |  1.5
Evocations     | |  0.3

Action                   |  1- 3 |  4- 6 |  7- 9 | 10-12 || total
-------------------------+-------+-------+-------+-------++-------
Melee: Hand axe          |    72 |   222 |   170 |       ||   464
       Kick              |     8 |    38 |   117 |    32 ||   195
       Scythe            |       |       |   309 |   134 ||   443
Throw: Tomahawk          |       |       |    15 |     4 ||    19
       Javelin           |       |       |       |     4 ||     4
Invok: Depart the Abyss  |     1 |       |       |       ||     1
       Banish            |       |       |     4 |     2 ||     6
       Bend Space        |       |       |     1 |     1 ||     2
Evoke: Wand              |     2 |     3 |       |     3 ||     8
  Use: Scroll            |     1 |     7 |     5 |     4 ||    17
       Potion            |     1 |     6 |     3 |     2 ||    12
  Eat: Chunk             |       |     7 |    14 |     4 ||    25
       Ration            |       |       |    11 |     1 ||    12
Armor: Leather armour    |    61 |    22 |       |   128 ||   211
       Ring mail         |       |   120 |    10 |       ||   130
       Scale mail        |       |       |    48 |       ||    48
       Chain mail        |       |       |   393 |    30 ||   423
Dodge: Dodged            |    56 |   132 |   204 |   112 ||   504
